 Dungeon Sprint DCSS version 0.19-a0-1743-g6dcb786 (webtiles) character file.

4770 seyes the Brawler (level 10, 0/107 HPs)
             Began as a Troll Gladiator on Oct 1, 2016.
             Was an Elder of Okawaru.
             Slain by a 12-headed hydra (9 damage)
             ... in the Dungeon (Sprint I: "Red Sonja").
             The game lasted 00:14:49 (788 turns).

seyes the Brawler (Troll Gladiator)                  Turns: 788, Time: 00:14:50

Health: 0/107      AC:  5    Str: 25    XL:     10   Next: 23%
Magic:  9/9        EV: 15    Int:  4    God:    Okawaru [****..]
Gold:   540        SH:  0    Dex: 13    Spells: 0 memorised, 9 levels left

rFire  . . .     SeeInvis +     j - +0 giant spiked club
rCold  . . .     Gourm    +     g - +0 robe {MR+}
rNeg   . . .     Faith    .     (shield currently unavailable)
rPois  .         Spirit   .     b - +0 hat
rElec  .         Dismiss  .     (no cloak)
rCorr  +         Reflect  .     (gloves unavailable)
MR     +....     Harm     .     (boots unavailable)
Stlth  +......... NoTele   +    (no amulet)
                                i - ring of resist corrosion
                                k - ring of see invisible

@: no status effects
A: unfitting armour, claws 3, fast metabolism 3, gourmand, regeneration 1,
shaggy fur 1, tough skin 2
a: Heroism, Renounce Religion


You were in the Dungeon.
You worshipped Okawaru.
Okawaru was greatly pleased with you.
You were very full.

You visited 1 branch You collected 540 gold pieces.

Inventory:

Hand Weapons
 j - a +0 giant spiked club (weapon)
Missiles
 c - 3 throwing nets (quivered)
 m - 7 curare-tipped needles
 n - 3 needles of paralysis
Armour
 a - a +0 robe
 b - a +0 hat (worn)
 g - a +0 robe of magic resistance (worn)
Jewellery
 f - an uncursed amulet of dismissal
 i - a ring of resist corrosion (right claw)
 k - a ring of see invisible (left claw)
Scrolls
 l - a scroll of recharging {unknown}
Potions
 e - a potion of curing
 h - 2 potions of magic
Comestibles
 d - 2 bread rations
 o - 6 chunks of flesh


   Skills:
 + Level 9.6 Fighting
 - Level 10.1 Throwing
 + Level 9.7 Dodging
 * Level 15.1 Unarmed Combat


You had 9 spell levels left.
You didn't know any spells.

Dungeon Overview and Level Annotations

Branches:
Dungeon (1/1)

Altars:
Cheibriados
Dithmenos
Elyvilon
Fedhas
Gozag
Hepliaklqana
Kikubaaqudgha
Makhleb
Nemelex Xobeh
Okawaru
Qazlal
Ru
Sif Muna
Trog
Uskayaw
Vehumet
Xom
Yredelemnul
Zin
The Shining One
Jiyva
Lugonu

Shops:
D :


Innate Abilities, Weirdness & Mutations

You are too large for most types of armour.
You have claws for hands.
Your metabolism is lightning-fast.
You like to eat raw meat.
Your natural rate of healing is unusually fast.
You are covered in fur. (AC +1)
You have very tough skin. (AC +2)


Message History

You open the door.
Your magical contamination has completely faded away.
You puncture the 12-headed hydra!
The 12-headed hydra is lightly wounded.
The 12-headed hydra completely misses you.
The 12-headed hydra bites you! The 12-headed hydra closely misses you.
The 12-headed hydra bites you!
The 12-headed hydra completely misses you.
The 12-headed hydra closely misses you. The 12-headed hydra bites you!
The 12-headed hydra bites you. The 12-headed hydra barely misses you.
The 12-headed hydra misses you. The 12-headed hydra bites you!
The 12-headed hydra bites you. The 12-headed hydra barely misses you.
The 12-headed hydra bites you! The 12-headed hydra closely misses you.
The 12-headed hydra bites you! The 12-headed hydra bites you.
The 12-headed hydra bites you!
* * * LOW HITPOINT WARNING * * *
The 12-headed hydra bites you!
* * * LOW HITPOINT WARNING * * *
The 12-headed hydra closely misses you. The 12-headed hydra bites you!
You die...

######################
#<.#..D..#..'.G#__#.D'
#..'.@#..G).#..'..'..#
#..#####'#####'#__####
#..####..#...#.#### #
#..#__####..##.#≈§
#..#_____##'#..+§§
#⌠⌠#_.∩...÷..._#
####_..__##_.#'#
#_____###+#.# #######
###


You could see a 12-headed hydra.

Vanquished Creatures
  A lindwurm (D)
  A gargoyle (D)
  2 kobold demonologists (D)
  4 demonic crawlers (D)
  A slime creature (D)
  Sigmund (D)
  A yak (D)
  13 hogs (D)
  A floating eye (D)
  An ogre (D)
  A jelly (D)
  Ijyb (D)
28 creatures vanquished.

Notes
Turn   | Place    | Note
-------+----------+-------------------------------------------
     0 | D        | seyes the Troll Gladiator began the quest for the Orb.
     0 | D        | Reached XP level 1. HP: 19/19 MP: 0/0
     4 | D        | Noticed Ijyb
    11 | D        | Killed Ijyb
    11 | D        | Reached skill level 4 in Unarmed Combat
    11 | D        | Reached XP level 2. HP: 27/29 MP: 1/1
    17 | D        | Noticed an ogre
    22 | D        | Killed an ogre
    22 | D        | Reached skill level 6 in Unarmed Combat
    22 | D        | Reached XP level 3. HP: 39/39 MP: 2/2
    22 | D        | Reached XP level 4. HP: 48/48 MP: 3/3
    35 | D        | Noticed Sigmund
    42 | D        | Killed Sigmund
    42 | D        | Reached skill level 5 in Throwing
    42 | D        | Reached skill level 5 in Dodging
    42 | D        | Reached skill level 8 in Unarmed Combat
    42 | D        | Reached XP level 5. HP: 55/55 MP: 4/4
    42 | D        | Reached XP level 6. HP: 65/65 MP: 5/5
    88 | D        | Found a burning altar of Makhleb.
    88 | D        | Found a viscous altar of Jiyva.
    88 | D        | Found a shimmering altar of Xom.
    88 | D        | Found a corrupted altar of Lugonu.
    88 | D        | Noticed a slime creature
    95 | D        | Killed a slime creature
    95 | D        | Reached skill level 5 in Fighting
    95 | D        | Reached skill level 9 in Unarmed Combat
   123 | D        | Found a deep blue altar of Sif Muna.
   125 | D        | Found a radiant altar of Vehumet.
   153 | D        | Found Zemopihi's Book Emporium.
   153 | D        | Found an ancient bone altar of Kikubaaqudgha.
   153 | D        | Found a hazy altar of Hepliaklqana.
   153 | D        | Found a stormy altar of Qazlal.
   153 | D        | Found a hide-covered altar of Uskayaw.
   153 | D        | Found a blossoming altar of Fedhas.
   153 | D        | Found a bloodstained altar of Trog.
   153 | D        | Found an iron altar of Okawaru.
   153 | D        | Found a basalt altar of Yredelemnul.
   153 | D        | Found a glowing golden altar of the Shining One.
   153 | D        | Found a snail-covered altar of Cheibriados.
   153 | D        | Found a sacrificial altar of Ru.
   153 | D        | Found a glowing silver altar of Zin.
   153 | D        | Found a shadowy altar of Dithmenos.
   153 | D        | Found a white marble altar of Elyvilon.
   153 | D        | Noticed a yak
   162 | D        | Killed a yak
   162 | D        | Reached skill level 10 in Unarmed Combat
   162 | D        | Reached XP level 7. HP: 48/75 MP: 6/6
   163 | D        | Found an opulent altar of Gozag.
   166 | D        | Found a sparkling altar of Nemelex Xobeh.
   190 | D        | Became a worshipper of Warmaster Okawaru
   226 | D        | Noticed a kobold demonologist
   227 | D        | Noticed a kobold demonologist
   230 | D        | Paralysed by a floating eye for 4 turns
   249 | D        | Killed a kobold demonologist
   249 | D        | Reached * piety under Okawaru
   249 | D        | Reached skill level 11 in Unarmed Combat
   249 | D        | Reached XP level 8. HP: 57/84 MP: 7/7
   253 | D        | Noticed an ice devil
   253 | D        | Killed a kobold demonologist
   261 | D        | Noticed a demonic crawler
   261 | D        | Noticed a demonic crawler
   261 | D        | Noticed a demonic crawler
   261 | D        | Noticed a demonic crawler
   280 | D        | Killed a demonic crawler
   280 | D        | Reached skill level 12 in Unarmed Combat
   287 | D        | Killed a demonic crawler
   287 | D        | Reached ** piety under Okawaru
   291 | D        | Killed a demonic crawler
   291 | D        | Reached XP level 9. HP: 36/96 MP: 5/8
   295 | D        | Killed a demonic crawler
   295 | D        | Reached skill level 13 in Unarmed Combat
   475 | D        | Noticed a gargoyle
   486 | D        | Killed a gargoyle
   486 | D        | Reached *** piety under Okawaru
   582 | D        | Noticed a lindwurm
   587 | D        | Killed a lindwurm
   643 | D        | Reached skill level 14 in Unarmed Combat
   649 | D        | Reached **** piety under Okawaru
   652 | D        | Received a gift from Okawaru
   656 | D        | Received a gift from Okawaru
   656 | D        | Reached XP level 10. HP: 75/107 MP: 9/9
   662 | D        | Reached skill level 10 in Throwing
   671 | D        | Reached skill level 15 in Unarmed Combat
   746 | D        | Noticed a 12-headed hydra
   770 | D        | Paralysed by a floating eye for 2 turns
   788 | D        | Slain by a 12-headed hydra

Vault maps used:
D:        dungeon_sprint_1

Skill      XL: |  1  2  3  4  5  6  7  8  9 10 |
---------------+-------------------------------+-----
Fighting       | 2 3 4 6 7 9 |  9.6
Throwing       | 2 4 5 6 7 8 9 10 | 10.1
Dodging        | 3 4 5 6 7 8 9 |  9.7
Unarmed Combat | 4 6 8 10 11 12 14 15 | 15.1

Action                   |  1- 3 |  4- 6 |  7- 9 | 10-12 || total
-------------------------+-------+-------+-------+-------++-------
Melee: Unarmed           |    10 |    24 |    64 |    16 ||   114
       Punch             |       |     4 |     5 |       ||     9
       Giant spiked club |       |       |       |     1 ||     1
Invok: Heroism           |       |       |     1 |       ||     1
  Use: Potion            |       |     1 |     2 |       ||     3
       Scroll            |       |       |     1 |     1 ||     2
  Eat: Chunk             |       |     2 |     4 |     7 ||    13
Armor: Robe              |     2 |     3 |     8 |     2 ||    15
Dodge: Dodged            |     4 |     6 |    29 |    13 ||    52
